 Dungeon Crawl Stone Soup version 0.22-a0-268-g1cc83ef (webtiles) character file.

38544 kuniqs the Pandemonic (level 13, -7/121 HPs)
             Began as a Deep Dwarf Fighter on Mar 9, 2018.
             Was a High Priest of Makhleb.
             Mangled by a dire elephant (16 damage)
             ... on level 6 of the Lair of Beasts.
             The game lasted 00:27:05 (12398 turns).

kuniqs the Pandemonic (Deep Dwarf Fighter)         Turns: 12398, Time: 00:27:05

Health: -7/121     AC: 17    Str: 24    XL:     13   Next: 64%
Magic:  3/3        EV: 11    Int: 10    God:    Makhleb [*****.]
Gold:   770        SH: 14    Dex: 12    Spells: 12/12 levels left

rFire    + . .     SeeInvis .   a - +1 war axe
rCold    . . .     Gourm    .   c - +0 shield
rNeg     . . .     Faith    .   v - +0 plate armour
rPois    .         Spirit   .   t - +0 helmet
rElec    .         Reflect  +   (no cloak)
rCorr    +         Harm     .   (no gloves)
MR       +....                  G - +0 pair of boots
Stlth    ..........             C - +2 amulet of reflection
HPRegen  0.00/turn              p - ring of resist corrosion
MPRegen  0.08/turn              u - ring of protection from fire

@: lethally poisoned (-7 -> -7), mesmerised, non-regenerating
A: damage resistance, heal wounds, sense surroundings 2, no regeneration
a: Heal Wounds, Minor Destruction, Lesser Servant of Makhleb, Major Destruction,
Greater Servant of Makhleb, Renounce Religion


You were on level 6 of the Lair of Beasts.
You worshipped Makhleb.
Makhleb was extremely pleased with you.
You were hungry.

You visited 3 branches of the dungeon, and saw 19 of its levels.
You also visited: Ossuary.

You collected 1017 gold pieces.
You spent 247 gold pieces at shops.

Inventory:

Hand Weapons
 a - a +1 war axe (weapon)
Armour
 c - a +0 shield (worn)
 t - a +0 helmet (worn)
 v - a +0 plate armour (worn)
 G - a +0 pair of boots (worn)
Jewellery
 k - an uncursed ring of ice
 p - a ring of resist corrosion (left hand)
 u - a ring of protection from fire (right hand)
 C - a +2 amulet of reflection (around neck)
Wands
 h - a wand of enslavement (13)
 j - a wand of random effects (33)
 q - a wand of polymorph (36)
 E - a wand of iceblast (5)
 H - a wand of disintegration (5)
 J - a wand of flame (34)
Scrolls
 d - a scroll of identify {@r1}
 e - 9 scrolls of teleportation
 n - 4 scrolls of magic mapping
 s - 3 scrolls of fog
 w - a scroll of immolation
 y - a scroll of fear
 z - 2 scrolls of enchant weapon
 D - 2 scrolls of blinking
 I - a scroll of remove curse {@r2}
 L - a scroll of enchant armour {unknown}
Potions
 b - 4 potions of resistance
 g - 2 potions of agility
 i - 2 potions of lignification
 l - a potion of heal wounds
 m - a potion of cancellation
 o - a potion of ambrosia
 r - 2 potions of mutation
 x - 7 potions of curing {@q1}
 A - a potion of invisibility
 F - 4 potions of haste
Miscellaneous
 K - a lamp of fire (inert)
Comestibles
 f - 21 rations
 B - 16 chunks of flesh


   Skills:
 - Level 9.2 Fighting
 - Level 10.7 Axes
 - Level 10.8 Armour
 - Level 10.4 Dodging
 - Level 10.9 Shields
 + Level 14.0 Invocations


You had 12 spell levels left.
You didn't know any spells.

Dungeon Overview and Level Annotations

Branches:
Dungeon (12/15)            Temple (1/1) D:5            Lair (6/6) D:10
  Swamp (0/4) Lair:2        Snake (0/4) Lair:4
  Slime: Lair:5-6       Orc: D:9-12

Altars:
Ashenzari
Cheibriados
Dithmenos
Elyvilon
Fedhas
Gozag
Hepliaklqana
Kikubaaqudgha
Makhleb
Nemelex Xobeh
Okawaru
Qazlal
Ru
Sif Muna
Trog
Uskayaw
Vehumet
Wu Jian
Xom
Yredelemnul
Zin
The Shining One

Shops:
D:7 [*=:   D:10 !

Annotations:
D:11 Josephine
Lair:2 exclusion: oklob plant


Innate Abilities, Weirdness & Mutations

You are resistant to damage.
You can heal yourself by infusing magical energy.
You passively map the area around you.
You do not regenerate.


Message History

The dire elephant closely misses you. The spiny frog barely misses you.
You hit the dire elephant but do no damage.
You hit the spiny frog.
You feel sick. The dire elephant tramples you.
You stumble backwards!
You slash the dire elephant! You closely miss the spiny frog.
You feel sick.
The merfolk avatar chants a haunting song.
You easily resist.
You block the dire elephant's attack. x2
The spiny frog barely misses you.
You hit the dire elephant.
You hit the spiny frog but do no damage.
You feel sick. The dire elephant tramples you!
You stumble backwards!
You hit the dire elephant but do no damage.
The dire elephant tramples you!!
* * * LOW HITPOINT WARNING * * *
You stumble backwards!
You hit the dire elephant.
The merfolk avatar chants a haunting song.
You are mesmerised by the merfolk avatar!
The dire elephant tramples you!!
You die...

≈ , , , , , ,
..≈≈≈≈≈≈............ ,
,..P.≈≈≈≈≈...<...........
,....P≈≈≈≈..............P
.....≈≈≈................
*
.......................≈
*,
.......................≈
* #.....#.............≈ ,
#...@YF...m.........≈ *
,*###..##..<........... *
* #.....P..†.........≈ *
, ....................≈
......................≈
........................
,...P...#P...............
....####.P..............
, ..###}P.............≈


You could see a dire elephant, a merfolk avatar and a spiny frog.

Vanquished Creatures
  3 hydras
  A catoblepas (Lair:5)
  2 two-headed ogres
  A tengu warrior (D:11)
  The ghost of PeterLawrence the Fighter, a novice MiFi of Okawaru (D:6)
  A skeletal warrior (D:12)
  A deep elf mage (D:11)
  3 black mambas
  A torpor snail (Lair:2)
  Psyche (D:10)
  10 spiny frogs
  A centaur skeleton (D:10)
  2 rime drakes (Lair:5)
  6 komodo dragons
  2 polar bears (Lair:3)
  2 trolls
  2 hornets
  Grinder (D:4)
  Prince Ribbit (D:5)
  8 blink frogs
  14 hippogriffs
  3 flying skulls (D:11)
  A wyvern (Lair:2)
  3 wraiths
  A spriggan (D:7)
  2 shadows (D:11)
  28 yaks
  Sigmund (D:2)
  A vampire (D:10)
  2 basilisks
  Menkaure (D:4)
  A soldier ant (D:11)
  A naga (Lair:4)
  7 water moccasins
  4 porcupines
  2 hell hounds (D:10)
  2 ice beasts
  5 orc warriors
  2 sky beasts
  The ghost of PeterLawrence the Shield-Bearer, an amateur MiFi (D:3)
  4 phantoms
  2 black bears
  3 ogres
  6 centaurs
  A necrophage (D:6)
  6 wolves (Lair:3)
  9 crocodiles
  A big kobold (D:9)
  12 bullfrogs
  A wyvern zombie (D:11)
  A water moccasin skeleton (D:8)
  7 scorpions
  3 killer bees (D:9)
  6 wights
  7 electric eels
  2 crimson imps
  2 bullfrog zombies
  2 centaur zombies
  2 human zombies (Ossuary)
  A quasit (D:9)
  2 hounds
  11 orc priests
  4 jellies
  6 orc wizards
  3 iguanas
  Terence (D:2)
  10 worker ants
  2 big kobold zombies (Ossuary)
  A hound zombie (D:11)
  3 mummies (Ossuary)
  Robin (D:3)
  3 gnolls (D:5)
  16 adders
  2 scorpion zombies (Ossuary)
  2 shadow imps
  An ooze (D:3)
  3 adder skeletons
  A worm (D:2)
  3 dart slugs
  2 leopard geckos
  36 orcs
  5 bats
  5 giant cockroaches
  A gnoll zombie (Ossuary)
  18 goblins
  5 hobgoblins
  21 jackals
  6 quokkas
  4 ball pythons
  A frilled lizard (D:4)
  6 goblin zombies (Ossuary)
  2 hobgoblin zombies (Ossuary)
  6 kobolds
  4 kobold zombies (Ossuary)
  A leopard gecko skeleton (D:6)
  2 orc zombies (Ossuary)
  A quokka zombie (D:8)
  3 rats
  2 fungi
416 creatures vanquished.

Vanquished Creatures (collateral kills)
  Gastronok (D:8)
  5 hydras
  3 death yaks (Lair:5)
  A harpy (Lair:6)
  A black mamba (Lair:5)
  A torpor snail (Lair:5)
  A spiny frog (Lair:6)
  A rime drake (Lair:6)
  3 komodo dragons
  A blink frog (Lair:3)
  5 yaks
  A water moccasin (Lair:5)
  A porcupine (Lair:3)
  3 wolves (Lair:3)
  2 bullfrogs (Lair:1)
  A jackal (D:8)
31 creatures vanquished.

Vanquished Creatures (others)
  2 centaurs
  4 fungi
  8 plants
14 creatures vanquished.

Grand Total: 461 creatures vanquished

Notes
Turn   | Place    | Note
-------+----------+-------------------------------------------
     0 | D:1      | kuniqs the Deep Dwarf Fighter began the quest for the Orb.
     0 | D:1      | Reached XP level 1. HP: 20/20 MP: 1/1
   112 | D:1      | Reached XP level 2. HP: 27/27 MP: 2/2
   476 | D:2      | Reached skill level 1 in Dodging
   532 | D:2      | Reached XP level 3. HP: 32/34 MP: 3/3
   549 | D:2      | Noticed Sigmund
   559 | D:2      | Killed Sigmund
   559 | D:2      | Reached XP level 4. HP: 16/42 MP: 4/4
   559 | D:2      | Reached XP level 5. HP: 19/49 MP: 5/5
   568 | D:2      | Noticed Terence
   582 | D:2      | Killed Terence
  1003 | D:3      | Noticed PeterLawrence's ghost (amateur MiFi)
  1030 | D:3      | Killed PeterLawrence's ghost
  1030 | D:3      | Reached XP level 6. HP: 57/57 MP: 5/5
  1520 | D:4      | Noticed Grinder
  1593 | D:4      | Killed Grinder
  1593 | D:4      | Reached XP level 7. HP: 43/64 MP: 6/6
  1612 | D:4      | Reached skill level 5 in Shields
  1620 | D:4      | Reached skill level 5 in Armour
  1807 | D:4      | Noticed Menkaure
  1819 | D:4      | Killed Menkaure
  2072 | D:5      | Entered Level 5 of the Dungeon
  2096 | D:5      | Noticed Prince Ribbit
  2351 | D:5      | Found a staircase to the Ecumenical Temple.
  2360 | Temple   | Entered the Ecumenical Temple
  2394 | Temple   | Became a worshipper of Makhleb the Destroyer
  2427 | D:5      | Reached skill level 5 in Axes
  2427 | D:5      | Reached XP level 8. HP: 55/73 MP: 4/4
  2562 | D:5      | Reached skill level 1 in Invocations
  2581 | D:5      | Killed Prince Ribbit
  2598 | D:5      | Reached skill level 2 in Invocations
  2722 | D:5      | Reached skill level 5 in Fighting
  3072 | D:5      | Reached skill level 5 in Dodging
  3225 | D:5      | Found an iron altar of Okawaru.
  3351 | D:3      | Reached * piety under Makhleb
  3391 | D:3      | Noticed Robin
  3407 | D:3      | Killed Robin
  3605 | D:6      | Found a blossoming altar of Fedhas.
  3625 | D:6      | Reached skill level 3 in Invocations
  3657 | D:6      | Got a steaming rapier
  3658 | D:6      | Identified the cursed +1 rapier "Ogre's Funeral" {freeze, *Corrode rElec Dex+5 Stlth+} (You found it on level 6 of the Dungeon)
  3709 | D:6      | Found a sand-covered staircase.
  3715 | Ossuary  | Entered an ossuary
  3780 | Ossuary  | Reached ** piety under Makhleb
  3885 | Ossuary  | Gained mutation: You passively map the area around you. [Deep Dwarf growth]
  3885 | Ossuary  | Reached XP level 9. HP: 71/81 MP: 6/6
  4086 | D:6      | Noticed PeterLawrence's ghost (novice MiFi)
  4138 | D:6      | Killed PeterLawrence's ghost
  4138 | D:6      | Reached skill level 4 in Invocations
  4362 | D:6      | Found a white marble altar of Elyvilon.
  4433 | D:6      | Reached skill level 5 in Invocations
  4534 | D:6      | Found an ancient bone altar of Kikubaaqudgha.
  4624 | D:7      | Reached *** piety under Makhleb
  4769 | D:7      | Found Moutsose's Armour Shop.
  4789 | D:7      | Found Mygenk's Assorted Antiques.
  4792 | D:7      | Bought a metallic silvery potion for 23 gold pieces
  5076 | D:7      | Found Senasas's Book Shop.
  5082 | D:7      | Found Ciguv's Jewellery Shoppe.
  5091 | D:7      | Bought a +2 amulet of reflection for 112 gold pieces
  5251 | D:8      | Noticed a two-headed ogre
  5260 | D:8      | Reached XP level 10. HP: 75/91 MP: 7/7
  5279 | D:8      | Killed a two-headed ogre
  5279 | D:8      | Reached skill level 6 in Invocations
  5726 | D:8      | Reached **** piety under Makhleb
  5812 | D:8      | Noticed Gastronok
  5827 | D:8      | Killed Gastronok
  5827 | D:8      | Reached skill level 7 in Invocations
  6285 | D:9      | Reached XP level 11. HP: 96/100 MP: 7/7
  6666 | D:10     | Entered Level 10 of the Dungeon
  6739 | D:10     | Reached skill level 8 in Invocations
  6830 | D:10     | Found Ymoheq's Distillery.
  6844 | D:10     | Bought a potion of mutation for 112 gold pieces
  6897 | D:10     | Reached ***** piety under Makhleb
  6923 | D:10     | Found a staircase to the Lair.
  6973 | D:10     | Noticed Psyche
  6986 | D:10     | Killed Psyche
  7333 | D:11     | Noticed a deep elf mage
  7383 | D:11     | Killed a deep elf mage
  7570 | D:11     | Paralysed by a hornet for 1 turns
  7719 | D:11     | Noticed a tengu warrior
  7727 | D:11     | Killed a tengu warrior
  7742 | D:11     | Noticed a two-headed ogre
  7754 | D:11     | Killed a two-headed ogre
  7754 | D:11     | Reached skill level 9 in Invocations
  7873 | D:11     | Noticed a skeletal warrior
  7887 | D:11     | Noticed Josephine
  7978 | D:12     | Killed a skeletal warrior
  8070 | D:12     | Reached XP level 12. HP: 97/110 MP: 3/3
  8227 | Lair:1   | Entered Level 1 of the Lair of Beasts
  8232 | Lair:1   | Noticed an eight-headed hydra
  8291 | Lair:1   | Killed an eight-headed hydra
  9060 | Lair:2   | Reached skill level 10 in Invocations
  9101 | Lair:2   | Reached skill level 10 in Shields
  9181 | Lair:2   | Reached skill level 10 in Armour
  9411 | Lair:2   | Reached skill level 10 in Axes
  9475 | Lair:2   | Found a staircase to the Swamp.
  9570 | Lair:2   | Found a blossoming altar of Fedhas.
  9594 | Lair:2   | Reached ****** piety under Makhleb
  9866 | Lair:3   | Noticed a five-headed hydra
  9875 | Lair:3   | Killed a five-headed hydra
  9911 | Lair:3   | Reached skill level 10 in Dodging
  9913 | Lair:3   | Noticed a four-headed hydra
  9983 | Lair:3   | Killed a five-headed hydra
 10302 | Lair:3   | Reached skill level 11 in Invocations
 10302 | Lair:3   | Reached XP level 13. HP: 121/121 MP: 3/3
 10554 | Lair:3   | You fall through a shaft for 2 floors!
 10608 | Lair:4   | Found a staircase to the Snake Pit.
 11006 | Lair:4   | Paralysed by a hornet for 2 turns
 11685 | Lair:5   | Reached skill level 12 in Invocations
 11892 | Lair:5   | Reached skill level 13 in Invocations
 12278 | Lair:6   | Entered Level 6 of the Lair of Beasts
 12368 | Lair:6   | Noticed a dire elephant
 12387 | Lair:6   | Reached skill level 14 in Invocations
 12398 | Lair:6   | Mangled by a dire elephant

Vault maps used:
D:1:      onia_arrival_mini_maze_b
D:2:      uniq_sigmund, uniq_terence
D:3:      kennysheep_goblin_castle
D:4:      uniq_menkaure, uniq_grinder
D:5:      minmay_temple_entry_statues_pillars, first_ration,
          kennysheep_okawaru_gauntlet, uniq_prince_ribbit1
D:6:      lemuel_doored_altar, nicolae_ossuary_entry_plus,
          hangedman_feature_mirror
D:7:      serial_shops, shop, nicolae_shop_behind_doors, kennysheep_mini_moat,
          shop, the_bakery, minmay_checkerbox
D:8:      uniq_gastronok
D:10:     minmay_lair_entry_lava, serial_shops, shop, uniq_psyche
D:11:     hangedman_screamer
D:12:     david_orc_4
Temple:   nicolae_temple_the_god_donut
Lair:1:   dpeg_stationary_puzzle, grunt_megastairs_3, serial_bayou_shore_b,
          lemuel_fruit_tree
Lair:2:   swamp_mist, basic_altar, small_statue_intersection,
          serial_bayou_lake_a, infiniplex_staircase_pool
Lair:3:   grunt_megastairs_4
Lair:4:   guppyfry_snake_entry_garden
Lair:6:   gammafunk_lair_ancient_temple, minmay_slime_entry_eyes,
          fungi_pond_lemuel, lookout_lair_type, serial_bayou_pond_c
Ossuary:  ossuary_minmay_scorpions

Skill      XL: |  1  2  3  4  5  6  7  8  9 10 11 12 13 |
---------------+----------------------------------------+-----
Dodging        | 1 2 3 4 5 6 7 9 10 | 10.4
Fighting       | 3 4 5 6 7 8 9 |  9.2
Axes           | 3 4 5 7 8 9 10 | 10.7
Armour         | 4 5 6 7 8 9 10 | 10.8
Shields        | 4 5 6 7 8 9 10 | 10.9
Invocations    | 3 5 7 9 11 14 | 14.0

Action                   |  1- 3 |  4- 6 |  7- 9 | 10-12 | 13-15 || total
-------------------------+-------+-------+-------+-------+-------++-------
Melee: War axe           |    60 |   115 |   416 |  1223 |   292 ||  2106
       Rapier            |       |       |   147 |       |       ||   147
Invok: Lesser Servant of |       |       |       |     9 |    12 ||    21
       Greater Servant o |       |       |       |       |     1 ||     1
 Abil: Heal Wounds       |       |     4 |    24 |    40 |    17 ||    85
Evoke: Wand              |       |       |     7 |    24 |    11 ||    42
       Lamp of fire      |       |       |       |       |     1 ||     1
  Use: Potion            |     1 |       |     1 |     2 |     1 ||     5
       Scroll            |       |       |    16 |     8 |     2 ||    26
 Stab: Distracted        |       |       |       |     3 |     6 ||     9
       Petrified         |       |       |       |       |     3 ||     3
  Eat: Chunk             |       |     2 |     6 |    20 |     7 ||    35
       Ration            |       |       |     2 |       |       ||     2
Armor: Scale mail        |    44 |     4 |       |       |       ||    48
       Chain mail        |       |    57 |    95 |       |       ||   152
       Plate armour      |       |       |   187 |   601 |   163 ||   951
Dodge: Dodged            |    16 |    42 |   175 |   472 |   119 ||   824
Block: Shield            |    29 |    75 |   373 |  1066 |   282 ||  1825
       Reflection        |       |       |     2 |     6 |     2 ||    10

Table legend:
 A = Spawn XP
 B = Non-spawn XP
 C = Spawn XP percentage of total XP
 D = Spawn monster count
 E = Non-spawn monster count
 F = Spawn count percentage of total count
 G = Total turns spent on level
                    A         B        C        D         E        F      G
               +---------+---------+-------+---------+---------+-------+---------
         Total |       0 |   55063 |   0.0 |       0 |     447 |   0.0 | 12398
               +---------+---------+-------+---------+---------+-------+---------
           D:1 |       0 |      29 |   0.0 |       0 |      14 |   0.0 |   453
           D:2 |       0 |     310 |   0.0 |       0 |      16 |   0.0 |   550
           D:3 |       0 |     219 |   0.0 |       0 |      39 |   0.0 |   803
           D:4 |       0 |     687 |   0.0 |       0 |      15 |   0.0 |   563
           D:5 |       0 |    1010 |   0.0 |       0 |      19 |   0.0 |  1174
           D:6 |       0 |    1687 |   0.0 |       0 |      19 |   0.0 |   610
           D:7 |       0 |     672 |   0.0 |       0 |      17 |   0.0 |   644
           D:8 |       0 |    4279 |   0.0 |       0 |      36 |   0.0 |   831
           D:9 |       0 |    1803 |   0.0 |       0 |      19 |   0.0 |   642
          D:10 |       0 |    2886 |   0.0 |       0 |      32 |   0.0 |   677
          D:11 |       0 |    6247 |   0.0 |       0 |      48 |   0.0 |   604
          D:12 |       0 |    2094 |   0.0 |       0 |       8 |   0.0 |   282
        Lair:1 |       0 |    3362 |   0.0 |       0 |      20 |   0.0 |   768
        Lair:2 |       0 |    6643 |   0.0 |       0 |      30 |   0.0 |   832
        Lair:3 |       0 |    7701 |   0.0 |       0 |      38 |   0.0 |   831
        Lair:4 |       0 |    2690 |   0.0 |       0 |       8 |   0.0 |   606
        Lair:5 |       0 |    8638 |   0.0 |       0 |      27 |   0.0 |  1019
        Lair:6 |       0 |    3584 |   0.0 |       0 |      13 |   0.0 |   113
       Ossuary |       0 |     522 |   0.0 |       0 |      29 |   0.0 |   349
               +---------+---------+-------+---------+---------+-------+---------
